 Dungeon Crawl Stone Soup version 0.32-a0 (webtiles) character file.

Game seed: 6900285992711024562

43185 Ge0ff the Frost Mage (level 14, -4/95 HPs)
             Began as a Merfolk Cinder Acolyte on Jan 12, 2024.
             Was an Initiate of Ignis.
             Slain by a polar bear (23 damage)
             ... in an ice cave on Jan 13, 2024.
             The game lasted 01:01:12 (26365 turns).

Ge0ff the Frost Mage (Merfolk Cinder Acolyte)      Turns: 26365, Time: 01:01:13

Health: -4/95      AC: 10    Str: 14    XL:     14   Next: 23%
Magic:  1/24       EV: 11    Int: 21    God:    Ignis [......]
Gold:   853        SH:  5    Dex: 11    Spells: 14/27 levels left

rFire   + . .        a - +5 trident (protect)
rCold   + . .        G - +0 buckler
rNeg    . . .        m - +3 leather armour "Dokhluxt" {Int+4}
rPois   .            c - +0 hat {Will+}
rElec   .            g - +2 cloak
rCorr   .            (no gloves)
SInv    .            J - +0 pair of boots
Will    ++...        (no amulet)
Stlth   ++           h - ring of protection from fire
HPRegen 0.35/turn    z - ring of ice
MPRegen 0.19/turn

%: no passive effects
@: no status effects
A: (nimble swimmer 2), mertail
a: Renounce Religion, Rising Flame


You were in an ice cave.
You worshipped Ignis.
Ignis was noncommittal.
You visited 3 branches of the dungeon, and saw 17 of its levels.
You also visited: Ice Cave.

You collected 853 gold pieces.

Inventory:

Hand Weapons
 a - a +5 trident of protection (weapon)
 t - a +2 trident of freezing
 B - a +0 spear of flaming
 E - a +1 short sword of venom
Missiles
 k - 29 poisoned darts
 o - 2 boomerangs
 v - a curare-tipped dart {=F}
 Z - 3 darts of dispersal
Armour
 c - a +0 hat of willpower (worn)
 g - a +2 cloak (worn)
 l - an orb of guile
 m - the +3 leather armour "Dokhluxt" (worn) {Int+4}
   (You found it on level 3 of the Lair of Beasts)

   Int+4:     It affects your intelligence (+4).
 p - a +0 troll leather armour
 w - a +2 robe of cold resistance
 G - a +0 buckler (worn)
 I - the +2 leather armour of Futuniti {+Blink rCorr Int+2}
   (You found it on level 6 of the Dungeon)

   Int+2:     It affects your intelligence (+2).
   +Blink:    It lets you blink.
   rCorr:     It protects you from acid and corrosion.
 J - a +0 pair of boots (worn)
 Q - a +3 leather armour of willpower
 X - a +2 leather armour of poison resistance
Magical Staves
 d - a staff of death
 L - a staff of alchemy
 Y - a staff of cold
Jewellery
 h - a ring of protection from fire (left hand)
 j - a ring of fire
 n - a ring of resist corrosion
 x - an amulet of guardian spirit
 y - a ring of see invisible
 z - a ring of ice (right hand)
 M - an amulet of faith
Wands
 f - a wand of flame (16)
 r - a wand of roots (2)
 s - a wand of mindburst (9)
 P - a wand of polymorph (8)
Scrolls
 C - 4 scrolls of poison
 D - 6 scrolls of enchant weapon
 F - a scroll of fog
 T - 10 scrolls of teleportation
 V - 4 scrolls of vulnerability
Potions
 b - 2 potions of might {unknown}
 i - a potion of invisibility {unknown}
 q - 3 potions of curing
 u - 3 potions of mutation {!q}
 A - 2 potions of attraction
 H - 3 potions of haste {!q}
 K - a potion of cancellation {unknown}
 N - 3 potions of degeneration {unknown}
 O - 3 potions of brilliance {unknown}
 R - 2 potions of resistance
 S - 3 potions of ambrosia {unknown}
 U - 3 potions of enlightenment {unknown}
 W - 5 potions of heal wounds {!q}


   Skills:
 - Level 4.0 Fighting
 - Level 4.0 Polearms
 - Level 2.0 Armour
 - Level 1.0 Dodging
 - Level 2.0 Stealth
 - Level 5.0 Shields
 - Level 7.0 Spellcasting
 - Level 10.0 Conjurations
 - Level 6.0 Summonings
 - Level 3.0 Translocations
 + Level 8.5 Fire Magic
 - Level 10.0 Ice Magic
 - Level 9.0 Air Magic
 - Level 3.0 Evocations


You had 14 spell levels left.
You knew the following spells:

 Your Spells              Type           Power      Damage    Failure   Level
f - Summon Blazeheart Go  Fire/Summ      37%        N/A       7%          4
s - Freezing Cloud        Conj/Ice/Air   32%        6-21      8%          5
B - Blink                 Tloc           38%        N/A       6%          2
C - Scorch                Fire           86%        2d8       1%          2

Your spell library contained the following spells:

 Spells                   Type           Power      Damage    Failure   Level
 Magic Dart               Conj           100%       1d8       1%          1
 Shock                    Conj/Air       100%       1d9       1%          1
 Summon Small Mammal      Summ           100%       N/A       1%          1
 Call Imp                 Summ           64%        N/A       1%          2
 Swiftness                Air            45%        N/A       1%          3
 Ensorcelled Hibernation  Hex/Ice        84%        N/A       2%          2
 Call Canine Familiar     Summ           32%        N/A       3%          3
 Necrotise                Necr           28%        1d5       14%         1
 Sublimation of Blood     Necr           7%         N/A       22%         2
 Passwall                 Erth           7%         N/A       38%         3
 Silence                  Hex/Air        13%        N/A       52%         5
 Summon Hydra             Summ           16%        N/A       100%        7
 Polar Vortex             Ice            32%        12d4*     100%        9


Dungeon Overview and Level Annotations

Branches:
Dungeon (11/15) Zot: 24142  Temple (1/1) D:6 Zot: 5992    Lair (5/5) D:9 Zot: 22475
 Shoals (0/4) Lair:3       Spider (0/4) Lair:3        Slime (0/5) Lair:4
  IceCv (1/1) Zot: 5119
    Orc: D:9-12

Altars:
Ashenzari
Cheibriados
Dithmenos
Elyvilon
Fedhas
Gozag
Hepliaklqana
Kikubaaqudgha
Makhleb
Nemelex Xobeh
Okawaru
Qazlal
Ru
Sif Muna
Trog
Uskayaw
Vehumet
Wu Jian
Xom
Yredelemnul
Zin
The Shining One
Jiyva

Shops:
D:8 :

Annotations:
Lair:1 3 runed translucent doors, exclusions: 3 doors and oklob plant, Cosoff's ghost, journeyman MiFi IceCv exclusion: ice statue


Innate Abilities, Weirdness & Mutations

((You are very nimble when in or above water. (Stealth+, EV+, Speed+++)))
Your lower body shifts to a powerful aquatic tail in water.


Message History

Flames lash the polar bear.
The polar bear is burned terribly!
The polar bear is severely wounded.
The polar bear is engulfed in a cloud of scalding steam.
The polar bear goes berserk!
Casting: Scorch (safe; 1% risk of failure)
Confirm with . or Enter, or press ? or * to list all spells.
Flames lash the wolf.
The wolf howls!
The wolf is heavily wounded.
The wolf's fire resistance burns away.
The polar bear is engulfed in a cloud of scalding steam.
The polar bear bites you but does no damage.
The polar bear claws you.
The polar bear claws you but does no damage.
The polar bear is engulfed in a cloud of scalding steam.
The polar bear closely misses you. You block the polar bear's attack.
The polar bear barely misses you.
Casting: Scorch (safe; 1% risk of failure)
Confirm with . or Enter, or press ? or * to list all spells.
Flames lash the yak.
The yak is heavily wounded.
The yak's fire resistance burns away.
The polar bear bites you!! The polar bear closely misses you. x2
Your +0 pair of boots unmelds from your body.
The polar bear is engulfed in a cloud of scalding steam.
Casting: Scorch (safe; 1% risk of failure)
Confirm with . or Enter, or press ? or * to list all spells.
Flames lash the yak.
The yak is moderately wounded.
The yak's fire resistance burns away.
The polar bear bites you!! The polar bear barely misses you.
You block the polar bear's attack. The polar bear bites you!!
* * * LOW HITPOINT WARNING * * *
You block the polar bear's attack.
The polar bear claws you but does no damage.
Casting: Scorch (safe; 1% risk of failure)
Confirm with . or Enter, or press ? or * to list all spells.
Flames lash the polar bear but do no damage.
You hear a howl!
The polar bear is no longer more vulnerable to fire.
The polar bear is engulfed in a cloud of scalding steam.
You block the polar bear's attack.
The polar bear claws you but does no damage.
The polar bear completely misses you.
Casting: Scorch (safe; 1% risk of failure)
Confirm with . or Enter, or press ? or * to list all spells.
Flames lash the polar bear but do no damage.
The polar bear is engulfed in a cloud of scalding steam.
The polar bear bites you!!
You die...

.# .## ### ..###h.
#≈# .Y...Ck ####
##≈##h....h. ####
##..## #≈≈#.#
####..###..#.###≈≈≈≈#
#.#..#.#..#.).#.≈h≈≈#
.#..#....####..#@#≈≈#
..######## ###.#####
.## ### ## # # ####
## ##..## .###
##....# .†.###..##.#


You could see a polar bear (berserk), a yak (combustible) and a wolf
(combustible).

Vanquished Creatures
  Gastronok (Lair:1)
  A frost giant (IceCv)
  Josephine (Lair:4)
  The ghost of chuckiee3 the Basher, a journeyman MiFi (D:11)
  Fannar (Lair:1)
  2 hydras
  3 boulder beetles
  A catoblepas (D:10)
  3 two-headed ogres
  5 death yaks
  2 ugly things
  Maurice (D:11)
  A manticore (D:8)
  7 elephants
  3 black mambas
  Joseph (Lair:1)
  5 rime drakes
  8 cane toads
  9 komodo dragons
  3 trolls
  4 polar bears (IceCv)
  10 blink frogs
  A slime creature (D:10)
  2 centaur simulacra (D:11)
  2 vampires
  5 wraiths
  A nameless horror (D:9)
  2 wyverns
  39 yaks
  4 basilisks
  Menkaure (D:4)
  9 water moccasins
  3 orc warriors
  2 ice beasts
  2 sky beasts
  3 black bears
  An ogre (D:6)
  2 wolves (IceCv)
  9 centaurs
  3 kobold brigands
  5 bullfrogs
  A scorpion (D:6)
  5 wights (D:8)
  9 killer bees
  2 howler monkeys
  5 hounds
  3 jellies (D:7)
  2 bombardier beetles
  6 orc priests
  4 gnoll boudas
  3 iguanas (D:4)
  A sleepcap (D:6)
  Ijyb (D:4)
  13 orc wizards
  2 hell rats (D:9)
  31 gnolls
  5 adders
  2 shadow imps (D:6)
  3 white imps
  2 ufetubi (D:3)
  4 dart slugs
  29 orcs
  2 bats (D:1)
  11 endoplasms
  2 giant cockroaches (D:2)
  6 goblins
  9 hobgoblins
  12 kobolds
  3 quokkas
  4 ball pythons
  4 frilled lizards
  9 rats
364 creatures vanquished.

Vanquished Creatures (collateral kills)
  A death yak (D:9)
  An elephant (Lair:5)
  A blink frog (Lair:1)
  9 yaks
  A wraith (Lair:4)
  3 ice beasts (D:11)
  A wolf (Lair:5)
  A gnoll sergeant (D:9)
  6 killer bees
  A howler monkey (D:9)
  An orc priest (D:10)
  A gnoll (D:9)
  A white imp (D:11)
  2 orcs
  2 kobolds (D:11)
32 creatures vanquished.

Vanquished Creatures (others)
  A rime drake (Lair:5)
  75 blazeheart cores
  82 foxfires
158 creatures vanquished.

Grand Total: 554 creatures vanquished

Notes
Turn   | Place    | Note
-------+----------+-------------------------------------------
     0 | D:1      | Ge0ff the Merfolk Cinder Acolyte began the quest for the
                  | Orb.
     0 | D:1      | Reached XP level 1. HP: 18/18 MP: 2/2
    64 | D:1      | Reached skill level 1 in Stealth
   141 | D:1      | Reached XP level 2. HP: 22/24 MP: 3/3
   144 | D:1      | Learned a level 2 spell: Scorch
   664 | D:1      | Reached XP level 3. HP: 29/29 MP: 0/5
  1686 | D:2      | Reached XP level 4. HP: 31/35 MP: 6/6
  2642 | D:3      | Found a stormy altar of Qazlal.
  2761 | D:3      | Found a sacrificial altar of Ru.
  2911 | D:3      | Noticed a black bear
  2915 | D:3      | Killed a black bear
  2916 | D:3      | Reached XP level 5. HP: 41/41 MP: 3/8
  3009 | D:3      | Noticed a black bear
  3026 | D:3      | Killed a black bear
  3027 | D:3      | Reached skill level 1 in Evocations
  3027 | D:3      | Reached XP level 6. HP: 47/47 MP: 4/9
  3428 | D:3      | Got Roteth's Elucidation of the Forsaken Loafs
  3782 | D:3      | Noticed a water elemental
  3782 | D:3      | Noticed a fire elemental
  3782 | D:3      | Noticed an air elemental
  3849 | D:4      | Reached skill level 5 in Fire Magic
  3914 | D:4      | Upgraded the game from 0.31-a0-1626-g5cb510d322 to 0.32-a0
  4015 | D:4      | Reached XP level 7. HP: 52/52 MP: 5/10
  4146 | D:4      | Found a bloodstained altar of Trog.
  4243 | D:4      | Reached skill level 1 in Dodging
  4327 | D:4      | Noticed Ijyb
  4334 | D:4      | Killed Ijyb
  4944 | D:4      | Reached skill level 1 in Armour
  5011 | D:4      | Noticed Menkaure
  5019 | D:4      | Killed Menkaure
  5314 | D:5      | Entered Level 5 of the Dungeon
  5380 | D:5      | Reached XP level 8. HP: 42/58 MP: 1/12
  5974 | D:5      | Found an ancient bone altar of Kikubaaqudgha.
  6708 | D:6      | Found an ornate altar of the Wu Jian Council.
  7659 | D:6      | Identified the +2 leather armour of Futuniti {+Blink rCorr
                  | Int+2}
  8290 | D:6      | Found a staircase to the Ecumenical Temple.
  8299 | Temple   | Entered the Ecumenical Temple
  8306 | Temple   | Learned a level 5 spell: Freezing Cloud
  8420 | D:7      | Reached skill level 1 in Ice Magic
  8420 | D:7      | Reached XP level 9. HP: 64/64 MP: 7/15
  8479 | D:7      | Reached skill level 1 in Conjurations
  8479 | D:7      | Reached skill level 1 in Air Magic
  8817 | D:7      | Found a shimmering blue altar of Sif Muna.
  8836 | D:7      | Got Sif Muna's Vademecum on Zombies
 10366 | D:8      | Noticed a manticore
 10367 | D:8      | wow
 10736 | D:8      | Noticed a two-headed ogre
 10746 | D:8      | Killed a two-headed ogre
 10747 | D:8      | Reached XP level 10. HP: 70/70 MP: 11/16
 11293 | D:8      | Found Obash's Tremendous Tomes.
 11435 | D:8      | Learned a level 4 spell: Summon Blazeheart Golem
 11781 | D:9      | Reached skill level 1 in Summonings
 11840 | D:9      | Noticed a death yak
 11863 | D:9      | Killed a death yak
 11864 | D:9      | nice!
 11945 | D:9      | so good!
 12287 | D:9      | Reached skill level 5 in Summonings
 12360 | D:9      | Reached skill level 5 in Spellcasting
 12489 | D:9      | Found a staircase to the Lair.
 12489 | D:9      | Noticed a two-headed ogre
 12501 | D:9      | Killed a two-headed ogre
 12728 | D:9      | Reached skill level 5 in Conjurations
 12728 | D:9      | Reached skill level 5 in Air Magic
 13016 | D:9      | Reached XP level 11. HP: 59/75 MP: 9/18
 13089 | D:9      | Noticed a death yak
 13092 | D:9      | Noticed a death yak
 13098 | D:9      | Reached skill level 5 in Ice Magic
 13103 | D:9      | Killed a death yak
 13112 | D:9      | Killed a death yak
 13909 | D:8      | Killed a manticore
 14043 | D:10     | Entered Level 10 of the Dungeon
 14086 | D:10     | Noticed a two-headed ogre
 14099 | D:10     | Killed a two-headed ogre
 15419 | D:10     | Noticed a catoblepas
 15422 | D:10     | Noticed a green ugly thing
 15623 | D:11     | Noticed Maurice
 15641 | D:11     | Killed Maurice
 15901 | D:11     | Reached XP level 12. HP: 81/81 MP: 14/20
 15964 | D:11     | Found a runed translucent gate.
 15964 | D:11     | Found a runed translucent gate.
 15964 | D:11     | Found a runed translucent gate.
 15967 | D:11     | Noticed chuckiee3's ghost (journeyman MiFi)
 16661 | D:11     | Killed chuckiee3's ghost
 16939 | D:11     | Got the ring of the Curious Tusks {Fire Will- Str+6 Stlth+}
 17398 | D:11     | Learned a level 2 spell: Blink
 17620 | D:10     | Killed a catoblepas
 17924 | Lair:1   | Entered Level 1 of the Lair of Beasts
 18011 | Lair:1   | Noticed Joseph
 18015 | Lair:1   | Reached skill level 1 in Translocations
 18030 | Lair:1   | Killed Joseph
 18151 | Lair:1   | Noticed Fannar
 18164 | Lair:1   | Killed Fannar
 18165 | Lair:1   | niccccccce
 18813 | Lair:1   | Found a runed translucent gate.
 18814 | Lair:1   | Found a runed translucent gate.
 18814 | Lair:1   | Found a runed translucent gate.
 18859 | Lair:1   | Noticed a minotaur
 19092 | Lair:1   | Noticed Cosoff's ghost (journeyman MiFi)
 19293 | Lair:1   | Noticed Gastronok
 19330 | Lair:1   | Killed Gastronok
 19979 | Lair:2   | Identified the +0 shortbow of Cheibriados's Pride {elec,
                  | rF+ rN+ rCorr}
 20088 | Lair:2   | Reached XP level 13. HP: 60/86 MP: 12/22
 21374 | Lair:3   | Found a staircase to the Shoals.
 22079 | Lair:3   | Identified the +3 leather armour "Dokhluxt" {Int+4}
 22264 | Lair:3   | Found a hole to the Spider Nest.
 22819 | Lair:4   | Reached skill level 1 in Shields
 24149 | Lair:4   | Noticed Josephine
 24155 | Lair:4   | Killed Josephine
 24345 | Lair:4   | Found a viscous altar of Jiyva.
 24346 | Lair:4   | Found a staircase to the Slime Pits.
 25103 | Lair:4   | Found a viscous altar of Jiyva.
 25104 | Lair:4   | Found a staircase to the Slime Pits.
 25179 | Lair:5   | Entered Level 5 of the Lair of Beasts
 25235 | Lair:5   | Reached skill level 10 in Ice Magic
 25304 | Lair:5   | Reached skill level 5 in Shields
 25357 | Lair:5   | Found a frozen archway.
 25404 | Lair:5   | Reached XP level 14. HP: 88/95 MP: 8/24
 25483 | IceCv    | Entered an ice cave
 26030 | IceCv    | Reached skill level 10 in Conjurations
 26188 | IceCv    | Noticed a frost giant
 26224 | IceCv    | Killed a frost giant
 26365 | IceCv    | Slain by a polar bear

Illustrated notes

...≈.....≈...≈..
.....#.#.....§§#.#H.#
#.#.§.....#.#.......#
....≈§..≈.....≈...≈.#
.≈.§..#....≈....#.?.#
....§§..§§....≈...≈.#
#.#.......#.#.......# #
.....#.#.......#.#..#.#.
...≈.....§...§..@.......
.#....§....#....≈.....#.
...≈.....§...≈..........
.....#.#.......#.#......
#.#.......#.#.......###$
....≈...≈.....§..)≈...
≈....#....≈....#......
≈...≈.....≈...#.###
......#.#...###.#


Turn 10367 on D:8: wow .........# ########.# # #.# ################ # #.#
#>.............# # #.###.######..####.# # #.....# ##......# # #.....## ##.#####
# #......#######.######### # #....#...@°°°r.......... #
######....#########.).###### # #......#### #.#.## # #......# #.#..# # #......#
#.##.## # #......# #.##..### # ######.# #.#...Y.# # #.# #.#.....## # #.#
#+#......# Turn 11864 on D:9: nice! #......#######.#########
#....#......†........... ###....#########.).###### ....#### #.#.## ....# #.#..#
# ....# #.##.## .# ....# #.##..### ..# ###.# #.#.....# ...# #.# #@#.....## ....#
#.# #####○#......#.....# ###.# #...☼☼☼............# .<# #...○○○######......# ###
#......# ......# #####o## #.....# #.# .....# #.# .....# ... ...h. Turn 11945 on
D:9: so good! ....... ##........ #####......... #............. #.............
##............. #.##...#.......... #.........§○☼$...$ ##.......@☼☼☼.....
#.........○☼☼..... #............##... #...........#[# .# .#...........##
##..#...###.# ##....## ## P.... Turn 18165 on Lair:1: niccccccce

Levels and vault maps discovered:
D:1:      minmay_arrival_pointy, layout_basic
D:2:      layout_loops_corners
D:3:      layout_loops_cross, nicolae_qazlal_style_of_elements,
          lemuel_coloured_pillars_altar, mrwooster_statue_mirror, minivault_11
D:4:      layout_cave_pods, trog_three_pillars_becter, uniq_ijyb, uniq_menkaure
D:5:      layout_loops_ring, kennysheep_mini_moat, cheibrodos_gnoll_hut
D:6:      layout_layer_cave, mainiacjoe_overflow_catwalk, temple_hall
D:7:      layout_rooms, led_sif_book
D:8:      layout_basic, nicolae_shop_i_like_big_books,
          nicolae_kite_square_tiling_tiny
D:9:      layout_basic, dpeg_lair_monsters
D:10:     cheibrodos_elevator_heist, layout_irregular_city,
          hangedman_decor_peaks_small
D:11:     layout_roguey, gammafunk_ghost_icy, uniq_maurice
Temple:   nicolae_temple_elliptical
Lair:1:   minmay_lair_oklob_chamber, layout_cave_shapes,
          maelrawn_ghost_gauntlet_escape, serial_bayou, serial_bayou_shore_b,
          serial_bayou_shore_a, serial_bayou_pond_c, serial_bayou_ford_a,
          cheibrodos_lair_caveside_slide, chequers_serial_rivers_large_b,
          infiniplex_staircase_pool_2, uniq_joseph, uniq_gastronok, uniq_fannar
Lair:2:   layout_small_grid
Lair:3:   layout_cellular_growth, minmay_shoals_entry_centaurs,
          spider_nest_entry_web_field
Lair:4:   layout_cave_pods, slime_entry_1, grunt_megastairs_1, uniq_josephine
Lair:5:   evil_forest, layout_regular_city, portal_ice_cave_entry_pillars_1,
          grunt_forest_large_clearing_hut
IceCv:    ice_cave_small_giant

Skill      XL: |  1  2  3  4  5  6  7  8  9 10 11 12 13 14 |
---------------+-------------------------------------------+-----
Stealth        | 2 |  2.0
Fire Magic     | 4 5 7 8 |  8.5
Spellcasting   | 2 3 4 5 6 7 |  7.0
Evocations     | 1 2 3 |  3.0
Dodging        | 1 |  1.0
Armour         | 1 2 |  2.0
Ice Magic      | 1 4 6 8 10 | 10.0
Conjurations   | 4 5 6 7 9 10 | 10.0
Air Magic      | 4 5 6 8 9 |  9.0
Summonings     | 5 6 |  6.0
Translocations | 2 3 |  3.0
Shields        | 5 |  5.0
Fighting       | 4 |  4.0
Polearms       | |  4.0

Action                     |  1- 3 |  4- 6 |  7- 9 | 10-12 | 13-15 || total
---------------------------+-------+-------+-------+-------+-------++-------
  Melee: Spear             |    35 |    35 |    52 |       |       ||   122
         Punch             |       |       |     1 |     2 |       ||     3
         Trident           |       |       |       |   177 |    63 ||   240
  Throw: Stone             |       |       |     1 |     1 |       ||     2
         Dart              |       |       |     7 |     3 |     7 ||    17
         Throwing net      |       |       |     2 |     1 |       ||     3
   Cast: Scorch            |    16 |    48 |   179 |   115 |    84 ||   442
         Summon Blazeheart |       |       |       |    68 |    25 ||    93
         Blink             |       |       |       |     1 |     1 ||     2
         Freezing Cloud    |       |       |       |       |    42 ||    42
 Invoke: Foxfire Swarm     |     1 |     3 |     2 |       |       ||     6
         Fiery Armour      |     2 |     1 |     1 |       |       ||     4
  Evoke: Wand              |       |     3 |     8 |     6 |    16 ||    33
    Use: Scroll            |       |     3 |     8 |     5 |     5 ||    21
         Potion            |       |       |       |     1 |       ||     1
   Stab: Distracted        |       |       |       |     1 |       ||     1
         Petrified         |       |       |       |     1 |       ||     1
 Armour: Robe              |    13 |    35 |     3 |       |    13 ||    64
         Leather armour    |       |       |    78 |   182 |    99 ||   359
  Dodge: Dodged            |     9 |    18 |    58 |   106 |    50 ||   241
  Block: Buckler           |       |       |       |       |    26 ||    26

Table legend: (Time is in decaauts)
 A = Elapsed time spent in this place.
 B = Non-inter-level travel time spent in this place.
 C = Inter-level travel time spent in this place.
 D = Time resting spent in this place.
 E = Time spent auto-exploring this place.
 F = Levels seen in this place.
 G = Mean time per level.
                   A        B        C        D        E       F      G
               +--------+--------+--------+--------+--------+-----+--------+
         Total |  26347 |  25389 |    958 |   4872 |  16336 |  18 | 1463.7 |
       Dungeon |  17934 |  17126 |    808 |   3229 |  10941 |  11 | 1630.4 |
        Temple |      7 |      7 |      0 |      0 |      0 |   1 |    7.0 |
          Lair |   7524 |   7375 |    149 |   1021 |   5314 |   5 | 1504.8 |
      Ice Cave |    879 |    879 |      0 |    621 |     80 |   1 |  879.0 |
               +--------+--------+--------+--------+--------+-----+--------+

Top non-repeatable levels by time:
     D:9: 2476 daAuts
  Lair:4: 2375 daAuts
    D:11: 2242 daAuts
  Lair:1: 1944 daAuts
     D:7: 1836 daAuts
     D:6: 1796 daAuts
  Lair:2: 1628 daAuts
     D:2: 1564 daAuts
     D:4: 1500 daAuts
     D:8: 1480 daAuts
    D:10: 1410 daAuts
     D:5: 1327 daAuts
     D:3: 1279 daAuts
  Lair:3: 1270 daAuts
     D:1: 1020 daAuts
